Map: Jagannatha LE

Players

Osiris - Winner!

  • Race: Terran Terran
  • League: Silver

rghhggggg

  • Race: Protoss Protoss
  • League: Silver

VOD

Have the link to the VOD?

Description

Super crazy match wanna send to loko or pig any help out their with this ?

Time

  • Played on: July 25, 2021, 4:01 a.m.
  • Length: 25:40
Show
View Real Time Build Order
Export as new Build Order

Osiris Terran - Winner!

Build Orders:  

Get SALT Encoding   

  12  0:00  SCV  
  13  0:12  SCV  
  14  0:17  Supply Depot  
  14  0:24  SCV  
  15  0:39  SCV  
  15  0:40  Barracks  
  16  0:53  Refinery  
  16  0:56  SCV  
  17  1:07  Refinery  
  17  1:08  SCV  
  18  1:25  Supply Depot  
  18  1:28  Orbital Command  
  18  1:42  Marine  
  19  2:05  Barracks  
  19  2:07  Barracks  
  19  2:11  SCV  
  19  2:12  Marine  
  21  2:23  SCV  
  22  2:30  Marine  
  22  2:35  SCV  
  23  3:09  SCV  
  24  3:15  Command Center, Barracks Reactor x2  
  24  3:17  Barracks Tech Lab  
  24  3:21  SCV  
  25  3:27  Factory  
  25  3:33  SCV  
  26  3:37  Marine  
  27  3:45  SCV  
  27  3:54  Marine  
  28  4:02  Marine x3  
  29  4:03  Bunker  
  31  4:12  Supply Depot x2  
  31  4:16  Marine x2  
  33  4:20  Marine  
  34  4:34  Marine  
  34  4:38  Supply Depot  
  35  4:43  Marine x2  
  35  4:44  Marine x2  
  38  4:52  Marine  
  36  5:01  Marine  
  36  5:06  Marine x3  
  36  5:10  Marine  
  34  5:19  Marine  
  37  5:21  Hellion  
  37  5:23  Marine  
  37  5:24  Marine x2  
  37  5:28  Marine  
  38  5:37  Marine  
  36  5:47  Marine x4  
  38  5:55  Marine  
  34  6:05  Marine x4  
  36  6:12  Marine  
  34  6:23  Factory Tech Lab, Marine x4  
  34  6:24  Orbital Command  
  38  6:30  Marine, Starport  
  39  6:41  Marine  
  39  6:44  Marine  
  39  6:45  Marine  
  43  6:48  Marine  
  43  6:57  Siege Tank  
  43  7:00  Marine x2  
  48  7:02  Marine  
  49  7:16  Marine x2  
  49  7:17  Marine  
  52  7:38  SCV x2  
  54  8:07  SCV  
  52  8:15  Siege Tank  
  50  8:24  Marine  
  50  8:25  Marine x3  
  54  8:32  Supply Depot  
  54  8:35  Orbital Command  
  54  8:38  Supply Depot  
  54  8:39  Supply Depot  
  54  8:49  Marine x5  
  50  9:07  Marine x5  
  52  9:17  Medivac  
  52  9:21  Siege Tank  
  57  9:25  Marine x5  
  62  9:43  Marine x3  
  65  9:47  Medivac  
  67  9:58  Marine x2  
  69  10:00  Marine  
  69  10:01  Siege Tank, Marine x2  
  66  10:16  Marine x2  
  66  10:18  Marine x3  
  67  10:34  Marine x2  
  66  10:36  Marine x3  
  66  10:38  SCV x2  
  70  10:50  SCV x2  
  72  11:01  Marine  
  72  11:02  Marine x4, SCV x2  
  79  11:11  Supply Depot  
  79  11:13  Supply Depot  
  79  11:14  SCV  
  79  11:16  SCV  
  81  11:19  Marine x5  
  81  11:21  Engineering Bay  
  81  11:22  Combat Shield  
  86  11:27  Starport Reactor  
  86  11:32  SCV  
  87  11:47  Supply Depot x2  
  87  11:52  Refinery  
  87  11:53  Refinery  
  87  11:58  Command Center  
  87  12:01  Terran Infantry Weapons Level 1  
  87  12:03  SCV x2  
  87  12:06  Marine x4  
  93  12:10  Medivac  
  93  12:15  SCV x2  
  97  12:27  SCV  
  98  12:51  Marine  
  98  12:52  Marine  
  98  12:53  Marauder, Marine  
  98  12:55  Siege Tank  
  106  12:59  Viking, Medivac  
  110  13:14  Marauder  
  110  13:16  Barracks  
  110  13:19  SCV, Barracks  
  114  13:20  SCV x2  
  115  13:27  Siege Tank  
  115  13:31  SCV  
  119  13:36  Missile Turret  
  119  14:05  SCV x3  
  122  14:15  Marine x3, Supply Depot  
  122  14:16  Marine x2  
  127  14:17  Siege Tank, SCV x3  
  127  14:20  Liberator x2  
  139  14:33  Marine x2  
  139  14:36  Marine x3  
  144  14:40  Supply Depot  
  144  14:42  Supply Depot  
  144  14:50  Siege Tank  
  144  14:51  Marine x2  
  149  14:54  Marine x2  
  125  15:29  Marine x4  
  125  15:30  Marine  
  125  15:31  Siege Tank  
  125  15:34  Liberator  
  125  15:35  Liberator  
  139  15:47  Marine x5  
  144  16:03  Siege Tank  
  147  16:05  Marine x4  
  147  16:07  Supply Depot  
  147  16:08  Supply Depot  
  147  16:09  Supply Depot  
  151  16:15  Planetary Fortress  
  151  16:16  Supply Depot  
  151  16:18  Supply Depot  
  151  16:20  SCV  
  152  16:35  Siege Tank  
  152  16:36  Supply Depot  
  152  16:37  Supply Depot  
  152  16:38  Refinery  
  152  16:39  Supply Depot  
  155  16:41  Refinery  
  155  16:45  Supply Depot  
  155  17:00  Supply Depot  
  155  17:30  Command Center  
  155  17:44  Command Center  
  155  17:45  Command Center  
  155  18:03  Terran Infantry Armor Level 1  
  155  18:06  Marine x2  
  155  18:07  Marine x3  
  160  18:18  Barracks  
  160  18:21  Barracks  
  160  18:23  Barracks  
  160  18:24  Marine x5  
  160  18:25  Barracks  
  165  18:31  Armory, Factory  
  165  18:33  Armory  
  165  18:35  Armory  
  165  18:38  SCV x3  
  168  18:42  Marine  
  168  18:43  Marauder  
  171  18:50  SCV x3  
  174  19:04  Marauder  
  176  19:10  Command Center  
  176  19:13  SCV x3  
  179  19:18  Marine  
  179  19:19  Marine x3  
  179  19:21  Thor  
  189  19:25  Marine, SCV x3, Medivac x2  
  197  19:33  Planetary Fortress  
  197  19:37  SCV x2  
  197  19:38  SCV  
  200  19:39  Missile Turret  
  200  19:42  Missile Turret  
  200  19:43  Refinery  
  200  19:48  Refinery  
  200  19:55  Planetary Fortress  
  200  20:01  Barracks Reactor x5  
  200  20:02  Barracks Reactor  
  200  20:05  Factory Tech Lab  
  200  20:24  Stimpack  
  200  20:37  Fusion Core  
  200  20:39  Terran Vehicle Weapons Level 1  
  200  20:40  Terran Vehicle And Ship Armor Level 1, Terran Ship Weapons Level 1  
  200  20:42  Terran Infantry Weapons Level 2  
  147  21:44  Marine x7  
  147  21:45  Marine x10  
  106  22:02  Marine x13  
  106  22:03  Marine x4  
  106  22:04  Concussive Shells  
  122  22:20  Marine x17, SCV x3  
  142  22:32  SCV x3  
  145  22:37  Marine  
  145  22:38  Marine x9  
  155  22:44  SCV x2, Terran Vehicle Weapons Level 2  
  157  22:58  Terran Infantry Armor Level 2  
  114  23:23  Medivac x2  
  114  23:25  Marine  
  114  23:26  Marine  
  119  23:50  Marine x6  
  119  23:51  Marine x11  
  119  23:53  Medivac x2  
  140  24:08  Marine x6  
  146  24:12  Marine x11  
  157  24:32  Medivac x2  
  157  25:02  Medivac  
  157  25:19  SCV x2  
  157  25:20  SCV  
Show
View Real Time Build Order
Export as new Build Order

rghhggggg Protoss 

Build Orders:  

Get SALT Encoding   

  12  0:02  Probe  
  13  0:14  Probe  
  14  0:20  Pylon  
  14  0:26  Probe  
  15  0:38  Probe  
  15  0:41  Gateway  
  16  0:48  Assimilator  
  16  0:51  Probe (Chrono Boost)  
  17  1:01  Probe (Chrono Boost)  
  18  1:06  Probe (Chrono Boost)  
  18  1:11  Pylon  
  19  1:17  Forge  
  18  1:32  Cybernetics Core  
  18  1:35  Probe (Chrono Boost)  
  19  1:41  Gateway  
  19  1:45  Zealot  
  21  1:52  Pylon  
  21  1:57  Probe  
  22  2:02  Assimilator  
  22  2:03  Warp Gate (Chrono Boost)  
  22  2:14  Sentry  
  24  2:38  Nexus  
  24  2:48  Stalker  
  24  2:51  Sentry  
  28  3:12  Pylon  
  27  3:28  Gateway  
  27  3:31  Gateway  
  27  3:51  Stalker x2  
  31  3:58  Probe  
  32  4:08  Pylon  
  32  4:12  Probe (Chrono Boost)  
  32  4:16  Probe (Chrono Boost)  
  34  4:23  Probe (Chrono Boost)  
  35  4:27  Probe (Chrono Boost)  
  35  4:30  Probe (Chrono Boost)  
  37  4:36  Probe  
  35  4:53  Zealot x2  
  33  5:13  Stalker x2  
  37  5:33  Zealot x2  
  33  5:55  Stalker x2  
  33  6:10  Stalker x2  
  35  6:20  Stalker  
  35  6:42  Sentry x2  
  35  6:43  Sentry  
  41  6:51  Sentry  
  41  7:16  Stalker  
  41  7:17  Stalker x2  
  41  7:22  Probe (Chrono Boost)  
  48  7:32  Probe (Chrono Boost)  
  49  7:37  Probe (Chrono Boost)  
  50  7:46  Zealot x2  
  50  7:49  Probe (Chrono Boost)  
  55  7:59  Stalker  
  33  8:20  Probe  
  33  8:22  Zealot x2  
  34  8:29  Photon Cannon  
  34  8:32  Probe  
  35  8:38  Photon Cannon  
  35  8:42  Sentry  
  35  8:44  Probe  
  38  8:50  Stalker  
  36  9:05  Stalker x2  
  39  9:10  Stalker  
  39  9:15  Probe (Chrono Boost)  
  42  9:22  Assimilator  
  43  9:25  Probe (Chrono Boost), Assimilator  
  43  9:30  Probe (Chrono Boost)  
  44  9:33  Sentry x2  
  49  9:39  Probe (Chrono Boost)  
  49  9:44  Probe (Chrono Boost)  
  49  9:47  Stalker x2  
  54  9:56  Pylon  
  54  9:58  Pylon  
  54  10:00  Pylon  
  40  10:16  Stalker x3  
  42  10:40  Probe (Chrono Boost)  
  43  10:49  Probe (Chrono Boost)  
  44  10:51  Pylon  
  44  10:53  Pylon  
  44  10:54  Probe (Chrono Boost)  
  45  11:00  Gateway  
  45  11:01  Zealot  
  45  11:02  Zealot x3, Gateway  
  53  11:06  Probe (Chrono Boost)  
  53  11:08  Probe (Chrono Boost)  
  55  11:11  Twilight Council  
  55  11:15  Probe (Chrono Boost)  
  55  11:16  Probe (Chrono Boost)  
  57  11:31  Robotics Facility  
  57  11:35  Stargate  
  57  11:37  Stalker  
  57  11:38  Stalker x2  
  63  11:42  Probe (Chrono Boost), Charge (Chrono Boost)  
  64  11:51  Probe (Chrono Boost)  
  65  11:55  Templar Archives  
  65  11:56  Probe (Chrono Boost)  
  66  12:09  Gateway  
  66  12:11  Protoss Ground Weapons Level 1  
  66  12:13  Gateway  
  66  12:19  Observer (Chrono Boost)  
  66  12:20  Oracle (Chrono Boost)  
  70  12:32  High Templar  
  70  12:33  High Templar  
  74  12:46  Psionic Storm  
  74  12:50  Oracle  
  77  12:51  Probe (Chrono Boost)  
  78  12:59  Nexus  
  78  13:01  Probe (Chrono Boost)  
  79  13:05  Pylon  
  79  13:06  Probe (Chrono Boost)  
  80  13:15  High Templar  
  80  13:17  Warp Prism (Chrono Boost)  
  84  13:27  Oracle  
  87  13:55  High Templar x3  
  90  14:00  Stalker  
  94  14:09  Zealot x4  
  102  14:33  Photon Cannon  
  102  14:35  Photon Cannon  
  102  14:38  Photon Cannon  
  102  14:40  Photon Cannon  
  70  15:42  Probe (Chrono Boost)  
  71  15:52  Probe (Chrono Boost)  
  72  15:57  Probe (Chrono Boost)  
  72  16:00  Assimilator  
  72  16:02  Assimilator  
  73  16:05  Zealot x7  
  73  16:06  Zealot  
  73  16:08  Probe  
  90  16:16  Pylon  
  90  16:20  Probe, Pylon  
  91  16:41  Stalker x2  
  91  16:42  Stalker x6  
  97  17:04  Robotics Facility  
  97  17:06  Probe (Chrono Boost), Robotics Facility  
  98  17:09  Robotics Facility  
  98  17:11  High Templar x2  
  98  17:12  High Templar  
  105  17:16  Probe (Chrono Boost)  
  105  17:20  Probe (Chrono Boost)  
  106  17:24  Dark Shrine  
  105  17:42  Nexus  
  105  17:48  Zealot x3, Pylon  
  105  17:49  Zealot x3  
  105  17:51  Pylon, Stalker x2  
  121  17:59  Robotics Bay  
  121  18:31  Observer (Chrono Boost)  
  122  18:44  High Templar x3  
  128  18:49  Colossus x2, Nexus  
  140  19:02  Assimilator  
  140  19:05  Assimilator, Stalker x3  
  140  19:06  Stalker  
  140  19:08  Extended Thermal Lance (Chrono Boost)  
  148  19:31  Nexus  
  148  19:35  Dark Templar  
  148  19:36  Dark Templar  
  152  20:00  Probe (Chrono Boost)  
  153  20:10  Probe (Chrono Boost)  
  153  20:13  Dark Templar x4  
  162  20:15  Probe (Chrono Boost)  
  163  20:28  Zealot  
  163  20:29  Zealot x3  
  171  21:08  Pylon  
  94  21:51  Stalker x2  
  94  21:52  Stalker x6  
  72  22:14  Colossus x2 (Chrono Boost)  
  72  22:15  Zealot x2, Immortal (Chrono Boost)  
  70  22:16  Zealot x4  
  98  22:26  Stalker x2  
  102  22:37  High Templar  
  102  22:38  High Templar  
  102  22:42  Probe (Chrono Boost)  
  114  22:52  Probe (Chrono Boost)  
  114  22:57  Probe (Chrono Boost)  
  113  23:09  Probe  
  113  23:12  Zealot x5  
  98  23:13  Zealot x2  
  98  23:14  Zealot  
  66  23:34  Dark Templar x3  
  66  23:35  Dark Templar x3  
Tags
 
Add a new tag
Caveats
  • Supply blocks, unpowered buildings, or Contaminate may cause inaccurate times.
  • Supply counts are checked every 10 seconds.